 Dungeon Sprint DCSS version 0.23.0-38-g208d714 (webtiles) character file.

Game seed: 2938896806729978559

0 Fang the Skirmisher (level 3, 0/36 HPs)
             Began as a Gargoyle Berserker on Feb 27, 2019.
             Was a Believer of Trog.
             Slain by Sigmund
             ... wielding a +0 scythe
              (10 damage)
             ... in the Dungeon (Sprint VI: "Thunderdome").
             The game lasted 00:00:27 (132 turns).

Fang the Skirmisher (Gargoyle Berserker)             Turns: 132, Time: 00:00:27

Health: 0/36       AC:  5    Str: 26    XL:     3   Next: 16%
Magic:  3/3        EV: 12    Int:  7    God:    Trog [**....]
Gold:   200        SH:  0    Dex:  9    Spells: 2/2 levels left

rFire    . . .     SeeInvis .   a - +0 hand axe
rCold    . . .     Gourm    .   (no shield)
rNeg     + . .     Faith    .   b - +0 animal skin
rPois    ∞         Spirit   .   (no helmet)
rElec    +         Reflect  .   (no cloak)
rCorr    .         Harm     .   (no gloves)
MR       .....     NoTele   +   (no boots)
Stlth    ..........             (no amulet)
HPRegen  0.12/turn              (no ring)
MPRegen  0.08/turn              (no ring)

@: berserking, very quick
A: negative energy resistance 1, electricity resistance, unbreathing,
petrification resistance, rot immunity, AC +3
a: Berserk, Trog's Hand, Renounce Religion


You were in the Dungeon.
You worshipped Trog.
Trog was pleased with you.
You were not hungry.

You visited 1 branch You collected 200 gold pieces.

Inventory:

Hand Weapons
 a - a +0 hand axe (weapon)
Armour
 b - a +0 animal skin (worn)
Wands
 k - a wand of acid (5)
 l - a wand of iceblast (5)
Scrolls
 i - 4 scrolls of blinking
 m - 3 scrolls of fog
Potions
 d - a potion of curing
 e - 3 potions of heal wounds
 f - 4 potions of haste
 g - 2 potions of magic
 h - a potion of berserk rage
 j - 2 potions of resistance
Comestibles
 c - a ration


   Skills:
 + Level 4.6 Fighting
 + Level 3.8 Axes
 + Level 3.9 Armour
 + Level 2.9 Dodging


You had 2 spell levels left.
You didn't know any spells.
Your spell library was empty.

Dungeon Overview and Level Annotations

Branches:
Dungeon (1/1)

Altars:
Cheibriados
Dithmenos
Fedhas
Gozag
Kikubaaqudgha
Makhleb
Qazlal
Ru
Sif Muna
Trog
Uskayaw
Vehumet
Wu Jian
Xom
Yredelemnul
Zin
The Shining One
Beogh
Jiyva
Lugonu

Shops:
D *[%??*?*:[((

Annotations:
D Sigmund


Innate Abilities, Weirdness & Mutations

You are resistant to torment.
Your stone body is resilient. (AC +3)
You are immune to poison.
You resist negative energy. (rN+)
You are resistant to electric shocks. (rElec)
You can survive without breathing.
You are immune to petrification.
You are immune to rotting.


Message History

Deactivating autopickup; reactivate with Ctrl-A.
No target in view!
You hear some strange, mumbled words.
Something tries to affect you, but you resist.
Found a deep blue altar of Sif Muna.
A red film seems to cover your vision as you go berserk!
You feel yourself moving faster!
You feel mighty!
You feel a lot more hungry.
You barely miss something. Something hits you!
You barely miss something. You closely miss something.
You hear some strange, mumbled words.
A puff of flame appears from out of thin air!
The puff of flame hits you.
You closely miss something. Something hits you.
You closely miss something. You miss something. Something hits you!
* * * LOW HITPOINT WARNING * * *
You completely miss something. You miss something. Something hits you!
You die...

..........###...###.....
..........# #.<.# .....
..........###...###.....
.............###........
##∩........8.# #.8......
##∩_._......###......__
######.8.........8.#
#⌠.......{...⌠#
###).....@..###
#_......._# #_......._#
#_)......_# #∩.......∩#
##∩.....∩## ##.....##
##⌠⌠⌠## ####


There were no monsters in sight!

Vanquished Creatures
  Terence (D)
  An orc (D)
  A jackal (D)
  A quokka skeleton (D)
4 creatures vanquished.

Notes
Turn   | Place    | Note
-------+----------+-------------------------------------------
     0 | D        | Fang the Gargoyle Berserker began the quest for the Orb.
     0 | D        | Reached XP level 1. HP: 14/14 MP: 1/1
     4 | D        | Found an opulent altar of Gozag.
     4 | D        | Found a bloodstained altar of Trog.
     5 | D        | Found a shadowy altar of Dithmenos.
     5 | D        | Round 1.
     6 | D        | Found an ancient bone altar of Kikubaaqudgha.
     6 | D        | Found a viscous altar of Jiyva.
     7 | D        | Found a sacrificial altar of Ru.
     7 | D        | Found a basalt altar of Yredelemnul.
     7 | D        | Found Fidulu's Staff Store.
     7 | D        | Found Magecu's Magic Scroll Shop.
     8 | D        | Found Mijaj's Must-Have Magic.
     8 | D        | Found Uciwus's Magic Scroll Shop.
    13 | D        | Found a radiant altar of Vehumet.
    15 | D        | Found a glowing golden altar of the Shining One.
    44 | D        | Found a shimmering altar of Xom.
    44 | D        | Found an ornate altar of the Wu Jian Council.
    45 | D        | Found Xewymema's Delicious Food.
    45 | D        | Found a snail-covered altar of Cheibriados.
    45 | D        | Found Rosivywk's Identification Station.
    46 | D        | Found Romeseos's Jewellery.
    46 | D        | Found Binnemab's Advanced Armour.
    51 | D        | Found a glowing silver altar of Zin.
    52 | D        | Found a corrupted altar of Lugonu.
    54 | D        | Noticed Terence
    58 | D        | Found a stormy altar of Qazlal.
    58 | D        | Found Cyjoh's Premium Goods.
    58 | D        | Found Umuqik's Miscellaneous Merchandise.
    72 | D        | Found Meomuor's Basic Armour.
    80 | D        | Killed Terence
    80 | D        | Reached ** piety under Trog
    80 | D        | Reached skill level 4 in Fighting
    80 | D        | Reached XP level 2. HP: 16/20 MP: 2/2
    80 | D        | Reached XP level 3. HP: 19/24 MP: 3/3
    91 | D        | Found a burning altar of Makhleb.
    91 | D        | Found a blossoming altar of Fedhas.
    91 | D        | Found a roughly hewn altar of Beogh.
    91 | D        | Found Pyere's Weapon Rack.
   114 | D        | Noticed Sigmund
   118 | D        | Found a hide-covered altar of Uskayaw.
   123 | D        | Found a deep blue altar of Sif Muna.
   132 | D        | Slain by Sigmund

Skill      XL: |  1 |
---------------+----+-----
Fighting       | 4 |  4.6
Axes           | 3 |  3.8
Armour         | 3 |  3.9
Dodging        | 2 |  2.9

Action                   || total
-------------------------++-------
Melee: Hand axe          ||    37
Invok: Berserk           ||     1
  Use: Potion            ||     1
Armor: Animal skin       ||     5
Dodge: Dodged            ||    17
